 Dungeon Crawl Stone Soup version 0.28.0-53-g5a82cb258f (webtiles) character file.

Game seed: 1583145256295813383

1153 zdrol the Grappler (level 8, -2/74 HPs)
             Began as a Troll Fighter on July 28, 2022.
             Slain by a kobold
             ... wielding a +0 short sword
              (3 damage)
             ... on level 6 of the Dungeon.
             The game lasted 00:15:44 (3599 turns).

zdrol the Grappler (Troll Fighter)                  Turns: 3599, Time: 00:15:45

Health: -2/74      AC:  4    Str: 27    XL:     8   Next: 16%
Magic:  7/7        EV:  8    Int:  4    God:
Gold:   255        SH:  7    Dex:  9    Spells: 7/7 levels left

rFire   . . .      SeeInvis .     - Unarmed
rCold   + . .      Faith    .   b - +0 kite shield
rNeg    . . .      Spirit   .   a - +0 robe
rPois   .          Reflect  .   (helmet restricted)
rElec   .          Harm     .   (no cloak)
rCorr   .          Rampage  .   (gloves unavailable)
Will    .....                   (boots unavailable)
Stlth   +.........              (no amulet)
HPRegen 1.02/turn               n - ring of protection from cold
MPRegen 0.10/turn               (no ring)

@: flying
A: large, unfitting armour, claws 3, regeneration 1, shaggy fur 1, tough skin 1
a: no special abilities


You were on level 6 of the Dungeon.
You visited 1 branch of the dungeon, and saw 7 of its levels.

You collected 255 gold pieces.

Inventory:

Missiles
 m - 11 poisoned darts (quivered)
Armour
 a - a +0 robe (worn)
 b - a +0 kite shield (worn)
 v - a +0 cloak
Magical Staves
 o - a staff of cold
Jewellery
 k - a ring of resist corrosion
 l - a ring of flight
 n - a ring of protection from cold (left claw)
Scrolls
 e - 2 scrolls of fear
 f - 3 scrolls of noise
 g - 5 scrolls of teleportation {unknown}
 h - a scroll of identify {unknown}
 p - a scroll of magic mapping {unknown}
 s - a scroll of immolation {unknown}
 t - a scroll of blinking {unknown}
Potions
 c - a potion of might
 d - 2 potions of attraction {unknown}
 i - a potion of berserk rage {unknown}
 j - 4 potions of heal wounds {unknown}
 q - a potion of mutation {unknown}
 r - a potion of flight
 u - a potion of brilliance {unknown}


   Skills:
 - Level 2.4 Fighting
 - Level 2.4 Dodging
 - Level 2.4 Shields
 * Level 9.9 Unarmed Combat


You had 7 spell levels left.
You didn't know any spells.
Your spell library contained the following spells:

 Spells                   Type           Power      Damage    Failure   Level
 Gell's Gravitas          Tloc           0%         N/A       99%         3
 Portal Projectile        Hex/Tloc       0%         N/A       99%         3
 Teleport Other           Tloc           0%         N/A       99%         3
 Blade Hands              Tmut           0%         N/A       100%        5
 Excruciating Wounds      Necr           0%         N/A       100%        5
 Dispersal                Tloc           0%         N/A       100%        6


Dungeon Overview and Level Annotations

Branches:
Dungeon (7/15)
 Temple: D:4-7

Altars:
Cheibriados


Innate Abilities, Weirdness & Mutations

You are too large for most types of armour.
You have claws for hands.
Your natural rate of healing is unusually fast.
You are covered in fur. (AC +1)
You have tough skin. (AC +1)


Message History

The kobold hits you with a +0 whip.
You barely miss the kobold brigand.
The kobold brigand is almost dead.
The kobold closely misses you. The kobold hits you but does no damage.
The kobold hits you with a +0 short sword.
* * * LOW HITPOINT WARNING * * *
The kobold hits you but does no damage.
The kobold brigand hits you with a +0 dagger!
* * * LOW HITPOINT WARNING * * *
The kobold barely misses you.
It was a potion of flight.
You feel very buoyant.
You fly up into the air.
The kobold barely misses you.
The kobold hits you with a +0 short sword.
* * * LOW HITPOINT WARNING * * *
The kobold hits you with a +0 short sword.
* * * LOW HITPOINT WARNING * * *
The kobold closely misses you. You block the kobold brigand's attack.
The kobold hits you with a +0 whip.
* * * LOW HITPOINT WARNING * * *
Unknown command.
You claw the kobold brigand!
You kill the kobold brigand!
The kobold barely misses you.
The kobold hits you with a +0 short sword.
* * * LOW HITPOINT WARNING * * *
The kobold barely misses you.
The bullfrog hits you but does no damage.
You block the kobold's attack.
You claw the bullfrog!
The bullfrog is almost dead.
The kobold hits you with a +0 whip.
* * * LOW HITPOINT WARNING * * *
The bullfrog hits you.
* * * LOW HITPOINT WARNING * * *
You block the kobold's attack.
The kobold hits you with a +0 short sword.
* * * LOW HITPOINT WARNING * * *
The kobold hits you with a +0 short sword.
You die...

......................
................#...#
................#...
#............## #
.####............##....
.......................
.......................
......n.K†.............
......K@K...♣≈..♣......
#.....KFK...♣♣≈P♣......
#..........♣♣♣≈♣♣♣.....
#.........♣♣ ♣≈♣ .....
#.......♣♣♣ ≈≈♣ ♣♣♣..
#.......≈ ....###..
.... ##P


You could see a necrophage, a bullfrog and 5 kobolds.

Vanquished Creatures
  The ghost of Brotato the Ducker, an amateur DjCj (D:4)
  An ogre (D:3)
  2 phantoms
  A kobold brigand (D:6)
  A bullfrog (D:6)
  A scorpion (D:6)
  A howler monkey (D:4)
  4 jellies
  Natasha (thrice) (D:2)
  3 iguanas
  An orc wizard (D:6)
  A hound zombie (D:5)
  4 adders
  A howler monkey skeleton (D:5)
  2 white imps (D:6)
  A worm (D:2)
  6 dart slugs
  9 orcs
  8 ball pythons
  18 endoplasms
  7 goblins
  6 hobgoblins
  14 jackals
  3 quokkas
  3 bats
  4 frilled lizards
  12 kobolds
  9 rats
127 creatures vanquished.

Vanquished Creatures (others)
  4 fungi (D:3)
  4 plants (D:5)
  10 toadstools (D:3)
18 creatures vanquished.

Grand Total: 145 creatures vanquished

Notes
Turn   | Place    | Note
-------+----------+-------------------------------------------
     0 | D:1      | zdrol the Troll Fighter began the quest for the Orb.
     0 | D:1      | Reached XP level 1. HP: 22/22 MP: 0/0
   150 | D:1      | Reached XP level 2. HP: 25/29 MP: 1/1
   165 | D:1      | Found a faded altar of an unknown god.
   186 | D:1      | Reached skill level 3 in Unarmed Combat
   500 | D:1      | Reached XP level 3. HP: 34/36 MP: 2/2
   950 | D:2      | Noticed Natasha
   977 | D:2      | Killed Natasha
   978 | D:2      | Reached skill level 4 in Unarmed Combat
   980 | D:2      | Reached XP level 4. HP: 39/44 MP: 3/3
  1017 | D:2      | Noticed Natasha
  1028 | D:2      | Killed Natasha
  1132 | D:2      | Noticed Natasha
  1142 | D:2      | Killed Natasha
  1143 | D:2      | Reached skill level 5 in Unarmed Combat
  1257 | D:2      | Reached XP level 5. HP: 50/50 MP: 4/4
  1515 | D:3      | Noticed an ogre
  1522 | D:3      | Killed an ogre
  1523 | D:3      | Reached skill level 6 in Unarmed Combat
  1672 | D:3      | Found a snail-covered altar of Cheibriados.
  1736 | D:3      | Reached XP level 6. HP: 59/59 MP: 5/5
  2601 | D:4      | Found a runed translucent gate.
  2601 | D:4      | Found a runed translucent gate.
  2601 | D:4      | Found a runed translucent gate.
  2602 | D:4      | Noticed Brotato's ghost (amateur DjCj)
  2669 | D:4      | Reached skill level 7 in Unarmed Combat
  2699 | D:5      | Entered Level 5 of the Dungeon
  2933 | D:4      | Reached XP level 7. HP: 57/66 MP: 6/6
  2977 | D:4      | Killed Brotato's ghost
  2978 | D:4      | Reached skill level 8 in Unarmed Combat
  3395 | D:6      | Reached skill level 9 in Unarmed Combat
  3566 | D:6      | Reached XP level 8. HP: 60/74 MP: 7/7
  3599 | D:6      | HP: 1/74 [kobold/+0 short sword (5)]
  3599 | D:6      | Slain by a kobold

Illustrated notes

Levels and vault maps discovered:
D:1:      elethiomel_arrival_maze, layout_basic, nicolae_ecumenical_lake_church,
          glass_columns_b, minmay_fountain_box, minivault_19
D:2:      layout_rooms, amcnicky_mini_corridor_feature, uniq_natasha
D:3:      cheibrodos_fertilizer, layout_loops_ring,
          mainiacjoe_overflow_boulevard, minmay_misc_feat_columns,
          minmay_stone_trees_medium, kennysheep_generic_room_2
D:4:      layout_basic, gammafunk_ghost_split
D:5:      layout_basic, minmay_temple_entry_gardened_gates
D:6:      layout_basic, serial_bayou_crossing
D:7:      layout_gridville, uniq_prince_ribbit1, uniq_crazy_yiuf_cottage

Skill      XL: |  1  2  3  4  5  6  7 |
---------------+----------------------+-----
Unarmed Combat | 3 4 5 6 7 9 |  9.9
Fighting       | |  2.4
Dodging        | |  2.4
Shields        | |  2.4

Action                   |  1- 3 |  4- 6 |  7- 9 || total
-------------------------+-------+-------+-------++-------
Melee: Unarmed           |    85 |   139 |    79 ||   303
Throw: Dart              |       |     1 |       ||     1
  Use: Scroll            |       |     2 |       ||     2
       Potion            |       |       |     1 ||     1
Armor: Robe              |    43 |    28 |    31 ||   102
Dodge: Dodged            |    36 |    47 |    48 ||   131
Block: Kite shield       |    32 |    48 |    48 ||   128
